 Dungeon Crawl Stone Soup version 0.19.0-20-gbc5f0c6 (webtiles) character file.

10010 Rrauwl the Fighter (level 11, -1/105 HPs)
             Began as a Minotaur Fighter on Nov 17, 2016.
             Was an Elder of Nemelex Xobeh.
             Slain by a gargoyle
             ... wielding a +0 flail
              (12 damage)
             ... in a labyrinth.
             The game lasted 01:55:13 (9437 turns).

Rrauwl the Fighter (Minotaur Fighter)               Turns: 9437, Time: 01:55:14

Health: -1/105     AC: 16    Str: 22    XL:     11   Next: 30%
Magic:  14/14      EV:  7    Int:  5    God:    Nemelex Xobeh [****..]
Gold:   582        SH: 14    Dex: 12    Spells: 0 memorised, 10 levels left

rFire  + . .     SeeInvis .     a - +1 war axe
rCold  x . .     Gourm    .     v - +4 scale mail
rNeg   . . .     Faith    .     X - +2 shield
rPois  .         Spirit   .     (helmet restricted)
rElec  .         Reflect  +     l - +2 cloak
rCorr  .         Harm     .     (no gloves)
MR     +....     Rnd*Tele +     (no boots)
Stlth  ..........               V - +3 amulet of reflection
                                q - ring of protection from magic
                                n - ring of fire

@: no status effects
A: retaliatory headbutt, horns 2, high mp 1, screaming 1, teleportitis 1
a: Triple Draw, Deal Four, Renounce Religion


You were in a labyrinth.
You worshipped Nemelex Xobeh.
Nemelex Xobeh was greatly pleased with you.
You were not hungry.

You visited 2 branches of the dungeon, and saw 11 of its levels.
You also visited: Labyrinth.

You collected 582 gold pieces.

Inventory:

Hand Weapons
 a - a +1 war axe (weapon)
 g - a +4 long sword
 H - a +0 shortbow
Missiles
 b - 252 arrows
Armour
 l - a +2 cloak (worn)
 v - a +4 scale mail (worn)
 X - a +2 shield (worn)
Jewellery
 n - a ring of fire (left hand)
 q - a ring of protection from magic (right hand)
 s - an uncursed ring of flight
 S - an uncursed ring of poison resistance
 V - a +3 amulet of reflection (around neck)
Wands
 x - a wand of slowing (14/48)
 A - a wand of teleportation (5/9)
 D - a wand of flame (30/48)
Scrolls
 c - a scroll of remove curse
 e - 2 scrolls of magic mapping
 r - a scroll of fear
 F - 2 scrolls of enchant weapon
 R - 2 scrolls of teleportation
Potions
 d - 3 potions of might
 M - a potion of lignification
Miscellaneous
 h - a legendary deck of destruction
 p - a plain deck of destruction {drawn: 4}
 C - a legendary deck of escape {drawn: 2}
 E - an ornate deck of summoning {drawn: 2}
 G - a legendary deck of destruction
 Q - a lamp of fire
 W - an ornate deck of destruction {drawn: 7}
Comestibles
 f - 7 bread rations


   Skills:
 + Level 12.5 Fighting
 + Level 11.9 Axes
 + Level 12.0 Armour
 - Level 3.6 Shields
 + Level 3.6 Evocations


You had 10 spell levels left.
You didn't know any spells.

Dungeon Overview and Level Annotations

Branches:
Dungeon (9/15)             Temple (0/1) D:6            Lair (2/6) D:9
  Swamp: Lair:2-4    Shoals: Lair:2-4     Snake: Lair:2-4    Spider: Lair:2-4
    Orc: D:9-12

Altars:
Ashenzari
Fedhas
Hepliaklqana
Nemelex Xobeh
Vehumet

Shops:
D:5 %   D:8 [

Annotations:
Lair:1 exclusion: oklob plant


Innate Abilities, Weirdness & Mutations

You reflexively headbutt those who attack you in melee.
You have a pair of horns on your head.
You have an increased reservoir of magic. (+10% MP)
You occasionally shout uncontrollably at your foes.
You are occasionally teleported next to monsters.


Message History

The gargoyle is heavily damaged.
The gargoyle hits you with a flail.
* * * LOW HITPOINT WARNING * * *
You slash the gargoyle!
The gargoyle is almost destroyed.
You block the gargoyle's attack.
You hit the gargoyle but do no damage.
The gargoyle is almost destroyed.
The gargoyle hits you with a flail!
* * * LOW HITPOINT WARNING * * *
You hit the gargoyle but do no damage.
The gargoyle is almost destroyed.
You hit the gargoyle but do no damage.
The gargoyle is almost destroyed.
The gargoyle closely misses you.
You hit the gargoyle but do no damage.
The gargoyle is almost destroyed.
The gargoyle hits you with a flail!
You die...
Your body glows with a rainbow of weird colours and disappears.

...#.#.#
.≈.≈.≈.≈# #
≈≈..≈≈≈.# # ##
## .≈≈=≈......
.# . .
..)≈≈≈≈.# ###
#. ####.
≈≈.≈⌠≈.≈. #. .
. #... .
.≈.≈≈≈..### #
##.# ##
..≈..≈....#
... #. . #≈
.#≈9@#)# # #
.##
#.≈≈..≈.#.....
.# .
###.###...
##.#.# #
.......#.
#...#
.##.###.### #
## ... ▓▓▓▓


You could see a gargoyle.

Vanquished Creatures
  A hydra (Lair:1)
  2 spiny frogs (Lair:1)
  3 gargoyles (Lab)
  6 komodo dragons
  A hippogriff (Lair:2)
  2 blink frogs
  A spriggan (Lair:2)
  Eustachio (D:4)
  2 yaks (Lair:2)
  A mottled dragon (D:9)
  The ghost of sheala the Sneak, an amateur DEEn (D:4)
  2 water moccasins
  3 ice beasts
  A sky beast (D:6)
  A hornet zombie (D:8)
  An eye of draining (D:9)
  An orc warrior (D:6)
  4 centaurs
  3 ogres
  A crocodile (Lair:1)
  8 bullfrogs
  A water moccasin skeleton (D:5)
  8 killer bees
  2 wights (D:9)
  A howler monkey (D:6)
  A crimson imp (D:9)
  2 lava snakes (Lab)
  A bullfrog zombie (D:8)
  A centaur zombie (D:6)
  An orc priest (D:4)
  A hound (D:4)
  3 orc wizards (D:4)
  Ijyb (D:3)
  Terence (D:3)
  6 iguanas
  4 worker ants
  A hound skeleton (D:4)
  A howler monkey zombie (D:8)
  Robin (D:3)
  A worker ant zombie (D:8)
  7 gnolls (D:7)
  10 adders
  A shadow imp (D:8)
  An ooze (D:3)
  2 adder skeletons (D:4)
  An adder zombie (D:7)
  3 worms
  4 dart slugs
  4 leopard geckos
  15 orcs
  2 giant cockroaches
  20 goblins
  21 hobgoblins
  8 jackals
  12 kobolds
  3 quokkas
  2 ball pythons
  5 bats
  2 frilled lizards (D:1)
  2 quokka skeletons
  8 rats
  A bush (Lair:1)
  11 fungi
  8 plants (Lair:1)
237 creatures vanquished.

Vanquished Creatures (collateral kills)
  Pikel (D:7)
  A rime drake (D:7)
  4 blink frogs (Lair:1)
  A hippogriff (D:8)
  A steam dragon (D:7)
  A hungry ghost (D:7)
  2 water moccasins
  A phantom (D:8)
  An eye of draining (Lair:1)
  An ogre (D:9)
  A centaur (D:9)
  2 bullfrogs
  3 killer bees
  5 wights
  3 howler monkeys (D:9)
  2 lava snakes (Lab)
  4 hounds
  An adder (D:9)
  An adder skeleton (D:9)
  An orc (D:6)
  3 jackals (D:6)
  A kobold (D:7)
  A plant (Lair:1)
42 creatures vanquished.

Vanquished Creatures (others)
  A boggart (D:7)
  An orc (D:7)
  A fungus (Lair:1)
  3 plants (Lair:1)
6 creatures vanquished.

Grand Total: 285 creatures vanquished

Notes
Turn   | Place    | Note
-------+----------+-------------------------------------------
     0 | D:1      | Rrauwl the Minotaur Fighter began the quest for the Orb.
     0 | D:1      | Reached XP level 1. HP: 19/19 MP: 0/0
    32 | D:1      | Reached XP level 2. HP: 24/27 MP: 1/1
   365 | D:1      | Reached XP level 3. HP: 32/34 MP: 2/2
   747 | D:2      | Found a radiant altar of Vehumet.
   752 | D:2      | Found a sparkling altar of Nemelex Xobeh.
   760 | D:2      | Became a worshipper of Nemelex Xobeh the Trickster
   913 | D:2      | Received a gift from Nemelex Xobeh
  1223 | D:2      | Reached * piety under Nemelex Xobeh
  1542 | D:2      | Reached XP level 4. HP: 41/41 MP: 3/3
  1781 | D:3      | Received a gift from Nemelex Xobeh
  1854 | D:3      | Reached skill level 5 in Fighting
  2081 | D:3      | Gained mutation: You occasionally shout uncontrollably at your foes. [potion of mutation]
  2081 | D:3      | Gained mutation: You are occasionally teleported next to monsters. [potion of mutation]
  2081 | D:3      | Gained mutation: You have an increased reservoir of magic. (+10% MP) [potion of mutation]
  2211 | D:3      | Reached ** piety under Nemelex Xobeh
  2321 | D:3      | Noticed Terence
  2336 | D:3      | Killed Terence
  2336 | D:3      | Reached XP level 5. HP: 48/48 MP: 4/4
  2486 | D:3      | Noticed Robin
  2509 | D:3      | Killed Robin
  2589 | D:3      | Noticed Ijyb
  2594 | D:3      | Killed Ijyb
  2594 | D:3      | Reached skill level 5 in Armour
  2780 | D:4      | Noticed Eustachio
  2834 | D:4      | Killed Eustachio
  2834 | D:4      | Reached skill level 5 in Axes
  2834 | D:4      | Reached XP level 6. HP: 57/57 MP: 5/5
  2888 | D:4      | Noticed Blork the orc
  2912 | D:4      | Noticed Blork
  2914 | D:4      | Killed Blork the iguana
  2915 | D:4      | Noticed sheala's ghost (amateur DEEn)
  2922 | D:4      | Reached XP level 7. HP: 41/64 MP: 6/6
  2930 | D:4      | Killed sheala's ghost
  3152 | D:4      | Received a gift from Nemelex Xobeh
  3340 | D:4      | Received a gift from Nemelex Xobeh
  3607 | D:5      | Entered Level 5 of the Dungeon
  3607 | D:5      | Found a hazy altar of Hepliaklqana.
  3614 | D:5      | Reached *** piety under Nemelex Xobeh
  3720 | D:5      | Reached XP level 8. HP: 73/73 MP: 7/7
  3765 | D:5      | Received a gift from Nemelex Xobeh
  3870 | D:5      | Found a blossoming altar of Fedhas.
  3880 | D:5      | Found Naihao's Food Boutique.
  4089 | D:6      | Received a gift from Nemelex Xobeh
  4329 | D:6      | Found a staircase to the Ecumenical Temple.
  4351 | D:6      | Reached **** piety under Nemelex Xobeh
  4351 | D:6      | Received a gift from Nemelex Xobeh
  4895 | D:7      | Reached XP level 9. HP: 67/83 MP: 8/8
  5087 | D:7      | Noticed Pikel
  5088 | D:7      | Noticed a rime drake
  5088 | D:7      | a jelly changed into a rime drake
  5098 | D:7      | Killed Pikel
  5106 | D:7      | Killed a rime drake
  5236 | D:7      | Received a gift from Nemelex Xobeh
  5266 | D:7      | Reached skill level 10 in Fighting
  5666 | D:8      | Found Emici's Armour Boutique.
  5780 | D:8      | Reached skill level 10 in Armour
  5821 | D:8      | Reached skill level 10 in Axes
  5919 | D:8      | Reached ***** piety under Nemelex Xobeh
  5976 | D:8      | Received a gift from Nemelex Xobeh
  6116 | D:8      | Reached XP level 10. HP: 55/94 MP: 10/10
  6215 | D:9      | Found a shattered altar of Ashenzari.
  6252 | D:9      | Received a gift from Nemelex Xobeh
  6876 | D:9      | Found a staircase to the Lair.
  7125 | Lair:1   | Entered Level 1 of the Lair of Beasts
  7125 | Lair:1   | Noticed a spiny frog
  7132 | Lair:1   | Killed a spiny frog
  7142 | Lair:1   | Reached skill level 1 in Evocations
  7167 | Lair:1   | Noticed a five-headed hydra
  7309 | Lair:1   | Killed a five-headed hydra
  7708 | Lair:1   | Noticed a spiny frog
  7752 | Lair:1   | Killed a spiny frog
  8017 | Lair:1   | Noticed a spiny frog
  8027 | Lair:1   | a spiny frog changed into an eye of draining
  8060 | Lair:1   | Received a gift from Nemelex Xobeh
  8272 | Lair:1   | Reached XP level 11. HP: 39/104 MP: 13/13
  8640 | Lair:1   | Noticed an oklob plant
  8681 | Lair:2   | Received a gift from Nemelex Xobeh
  8891 | Lair:2   | Found a labyrinth entrance.
  8904 | Lab      | Entered a labyrinth
  8978 | Lab      | Received a gift from Nemelex Xobeh
  9437 | Lab      | Slain by a gargoyle

Skill      XL: |  1  2  3  4  5  6  7  8  9 10 11 |
---------------+----------------------------------+-----
Fighting       | 4 5 6 7 9 10 12 | 12.5
Armour         | 4 5 6 7 8 10 11 12 | 12.0
Axes           | 3 4 5 6 8 10 11 | 11.9
Evocations     | 2 3 |  3.6
Shields        | |  3.6

Action                   |  1- 3 |  4- 6 |  7- 9 | 10-12 || total
-------------------------+-------+-------+-------+-------++-------
Melee: War axe           |    87 |   175 |   248 |   317 ||   827
       Headbutt          |    17 |    22 |    42 |    75 ||   156
       Flail             |       |       |       |     6 ||     6
 Abil: Evoke Flight      |       |       |       |     1 ||     1
Evoke: Deck              |       |     1 |    28 |    41 ||    70
       Wand              |       |       |       |     5 ||     5
       Fan of gales      |       |       |       |     1 ||     1
  Use: Scroll            |     5 |     3 |     7 |     6 ||    21
       Potion            |     2 |     3 |     5 |     3 ||    13
 Stab: Distracted        |       |       |     1 |     2 ||     3
       Sleeping          |       |       |     1 |       ||     1
  Eat: Chunk             |     2 |     5 |     8 |     4 ||    19
       Beef jerky        |       |       |     1 |       ||     1
       Bread ration      |       |       |     1 |     1 ||     2
       Royal jelly       |       |       |     1 |     2 ||     3
       Fruit             |       |       |       |     1 ||     1
       Pizza             |       |       |       |     1 ||     1
Armor: Scale mail        |    16 |    57 |   118 |    41 ||   232
       Chain mail        |    30 |     8 |       |       ||    38
       Plate armour      |       |    29 |       |       ||    29
       Skin              |       |       |       |    19 ||    19
Dodge: Dodged            |    23 |    37 |    62 |    38 ||   160
Block: Shield            |    46 |    81 |   129 |   140 ||   396
       Reflection        |       |       |       |     4 ||     4
